 Dungeon Crawl Stone Soup version 0.31.0-1-g2c135a008e (webtiles) character file.

Game seed: 12303358542427280910

501 qw the Shooter (level 7, -4/53 HPs)
             Began as a Djinni Hunter on Jan 23, 2024.
             Slain by Blork the orc
             ... wielding a +0 halberd
              (6 damage)
             ... on level 5 of the Dungeon.
             The game lasted 00:00:17 (3942 turns).

qw the Shooter (Djinni Hunter)                      Turns: 3942, Time: 00:00:18

Health: -4/53      AC: 10    Str: 10    XL:     7   Next: 40%
Gold:   230        EV: 12    Int: 11    God:
                   SH:  5    Dex: 18

rFire   + + .        a - +0 shortbow
rCold   x . .        (shield currently unavailable)
rNeg    . . .        d - +0 ring mail
rPois   inf          m - +0 helmet
rElec   .            j - +0 cloak
rCorr   .            l - +2 pair of gloves
SInv    .            (boots unavailable)
Will    .....        e - amulet of reflection
Stlth   +            (no ring)
HPRegen 0.28/turn    (no ring)
MPRegen 0.00/turn

%: reflection, infuse magic (-5 HP)
@: flying
A: sickness immunity, fire resistance 2, cold vulnerability 1, float, innate
caster, HP casting, extra vitality 1, persistent drain
a: no special abilities


You were on level 5 of the Dungeon.
You visited 1 branch of the dungeon, and saw 5 of its levels.

You collected 230 gold pieces.


Innate Abilities, Weirdness & Mutations

You are immune to sickness and miasma.
You are immune to poison.
Your flesh is very heat resistant. (rF++)
You are vulnerable to cold. (rC-)
You float through the air rather than walking.
You learn spells naturally, not from books.
Your magical power is your life essence.
You have superior vitality. (+4 MHP)
Your health recovers twice as slowly from being drained.


   Skills:
 - Level 4.4 Fighting
 + Level 5.1 Ranged Weapons
 - Level 2.1 Armour
 - Level 3.7 Dodging
 - Level 0.7 Stealth


You knew the following spells:

 Your Spells              Type           Power      Damage    Failure   Level
a - Shock                 Conj/Air       0%         1d3       65%         1
b - Mercury Vapours       Alch/Air       0%         N/A       80%         2
c - Lesser Beckoning      Tloc           0%         N/A       80%         2
Your spell library was empty.

Inventory:

Hand Weapons
 a - a +0 shortbow (weapon)
Armour
 d - a +0 ring mail (worn)
 j - a +0 cloak (worn)
 l - a +2 pair of gloves (worn)
 m - a +0 helmet (worn)
Jewellery
 e - an amulet of reflection (around neck)
 f - a ring of fire
Scrolls
 b - a scroll of immolation {unknown}
Potions
 c - a potion of might
 g - a potion of haste {unknown}
 h - a potion of enlightenment

Dungeon Overview and Level Annotations

Branches:
Dungeon (4/15)
 Temple: D:4-7

Altars:
Gozag
Nemelex Xobeh
Xom
The Shining One

Annotations:
D:5 Blork the orc, Prince Ribbit


Message History

You shoot an arrow. The arrow hits Blork the orc.
Blork the orc is lightly wounded.
Blork the orc hits you from afar with a +0 halberd.
Blork the orc completely misses you.
You shoot an arrow. The arrow hits Prince Ribbit!
Prince Ribbit is moderately wounded.
Prince Ribbit barely misses you.
Blork the orc hits you from afar with a +0 halberd!
You shoot an arrow. The arrow closely misses Prince Ribbit.
Prince Ribbit hits you! Blork the orc casts a spell at you.
The magic dart hits you.
Prince Ribbit catches a baby bat with his tongue.
Prince Ribbit closely misses you.
You shoot an arrow. The arrow hits Prince Ribbit!
Prince Ribbit is heavily wounded.
Prince Ribbit hits you. Blork the orc casts a spell at you.
The puff of flame hits you but does no damage.
You resist.
Prince Ribbit blinks!
Blork the orc hits you from afar with a +0 halberd.
You shoot an arrow.
The arrow hits Blork the orc but does no damage.
Blork the orc is lightly wounded.
You block Blork the orc's attack.
You shoot an arrow. The arrow barely misses Blork the orc.
Blork the orc hits you but does no damage.
You shoot an arrow. The arrow misses Prince Ribbit.
Prince Ribbit croaks regally.
Blork the orc hits you from afar with a +0 halberd!
Prince Ribbit hits you but does no damage.
You shoot an arrow. The arrow closely misses Prince Ribbit.
Prince Ribbit hits you! Blork the orc closely misses you.
Prince Ribbit hits you but does no damage.
Blork the orc misses you.
You shoot an arrow. The arrow hits Prince Ribbit.
Prince Ribbit is heavily wounded.
Prince Ribbit blinks!
Blork the orc hits you from afar with a +0 halberd.
You die...

.. .# .. .# #### .## .#
#... .F .# #... #.##.###
#... #..#.o. ##.. #.ยค.#
.. #.. ##.@.#
..########..
#..#.##......>...... ####
#.##..#..######..##.
.....##.##.....### #..##.
#>............####..##.
##..)...#.#.#......###.
#.......#.#..####.[###.
#...#####.#.#..####......
#.## #...#..........##


You could see Prince Ribbit and Blork the orc.

Vanquished Creatures
  An ogre (D:4)
  A phantom (D:4)
  A scorpion (D:4)
  A jelly (D:5)
  An iguana (D:4)
  Robin (D:3)
  4 gnolls (D:4)
  6 adders
  A white imp (D:4)
  2 dart slugs
  A ribbon worm (D:3)
  4 orcs (D:3)
  7 bats
  11 endoplasms
  3 giant cockroaches
  19 goblins
  8 hobgoblins
  7 jackals
  3 quokkas
  12 ball pythons
  7 frilled lizards
  10 kobolds
  6 rats
117 creatures vanquished.

Notes
Turn   | Place    | Note
-------+----------+-------------------------------------------
     0 | D:1      | qw the Djinni Hunter began the quest for the Orb.
     0 | D:1      | Reached XP level 1. HP: 18/18 MP: 0/0
     0 | D:1      | 0 ||| qw: Version: 0.3-a-136-gdd3b4e8
     0 | D:1      | 0 ||| qw: Game counter: 1126
     0 | D:1      | 0 ||| qw: Melee chars always use a shield: true
     0 | D:1      | 0 ||| qw: God list: Okawaru
     0 | D:1      | 0 ||| qw: Allow faded altars: false
     0 | D:1      | 0 ||| qw: Do Orc after clearing Dungeon:15 true
     0 | D:1      | 0 ||| qw: Do second Lair branch before Depths: true
     0 | D:1      | 0 ||| qw: Lair rune preference: random
     0 | D:1      | 0 ||| qw: Goals: Normal
     0 | D:1      | 0 ||| PLANNING D:1-11
    70 | D:1      | Reached XP level 2. HP: 23/23 MP: 0/0
   380 | D:1      | Reached skill level 4 in Ranged Weapons
   380 | D:1      | Reached XP level 3. HP: 24/28 MP: 0/0
   380 | D:1      | Learned a level 1 spell: Shock
   795 | D:1      | 795 ||| UPGRADING to +0 ring mail.
   805 | D:1      | 805 ||| DROPPING +0 leather armour.
   806 | D:1      | 806 ||| READING scroll labelled LASUUMM VUNTI.
   806 | D:1      | 806 ||| IDENTIFYING bubbling white potion
   807 | D:1      | 807 ||| READING scroll labelled DEOM GITIR.
   858 | D:1      | 858 ||| READING scroll labelled DUHEYL CESU.
   859 | D:1      | 859 ||| DRINKING 3 dark potions.
   860 | D:1      | 860 ||| DROPPING scroll of butterflies.
   861 | D:1      | 861 ||| DROPPING 2 potions of attraction.
   862 | D:1      | 862 ||| DROPPING potion of invisibility.
  1115 | D:2      | Reached skill level 1 in Armour
  1142 | D:2      | Found an opulent altar of Gozag.
  1159 | D:2      | Reached XP level 4. HP: 34/34 MP: 0/0
  1182 | D:2      | Found a faded altar of an unknown god.
  1380 | D:2      | Reached skill level 3 in Fighting
  1807 | D:2      | 1807 ||| UPGRADING to +0 cloak.
  1812 | D:2      | 1812 ||| UPGRADING to +0 pair of gloves.
  1817 | D:2      | 1817 ||| READING 2 scrolls of identify.
  1817 | D:2      | 1817 ||| IDENTIFYING smoky clear potion
  1818 | D:2      | 1818 ||| READING scroll of identify.
  1818 | D:2      | 1818 ||| IDENTIFYING murky orange potion
  1819 | D:2      | 1819 ||| READING 4 scrolls labelled JERIL JOBRAMP.
  1822 | D:2      | 1822 ||| READING 3 scrolls labelled HUUSAO MAGHUODIUPS.
  1823 | D:2      | 1823 ||| READING 2 scrolls labelled IMIAHE UNOVUSCH.
  1823 | D:2      | 1823 ||| ENCHANTING +0 pair of gloves.
  1824 | D:2      | 1824 ||| READING scroll of enchant armour.
  1824 | D:2      | 1824 ||| ENCHANTING +1 pair of gloves.
  1825 | D:2      | 1825 ||| DROPPING 2 scrolls of fog.
  2182 | D:3      | Reached XP level 5. HP: 37/40 MP: 0/0
  2182 | D:3      | Learned a level 2 spell: Mercury Vapours
  2272 | D:3      | Noticed Robin
  2281 | D:3      | HP: 10/40 [Robin/goblin (1)]
  2282 | D:3      | 2282 ||| READING 3 scrolls of teleportation.
  2282 | D:3      | HP: 1/40 [goblin/+0 club[Robin] (4)]
  2283 | D:3      | 2283 ||| DRINKING potion of heal wounds.
  2299 | D:3      | Killed Robin
  2299 | D:3      | HP: 8/40 [goblin/+0 club[Robin] (3)]
  2300 | D:3      | 2300 ||| READING 2 scrolls of teleportation.
  2300 | D:3      | HP: 3/40 [goblin/+0 club[Robin] (5)]
  2665 | D:3      | Found a sparkling altar of Nemelex Xobeh.
  2946 | D:3      | 2946 ||| UPGRADING to +0 helmet.
  2951 | D:3      | 2951 ||| UPGRADING to amulet of reflection.
  2956 | D:3      | 2956 ||| DROPPING amulet of the acrobat.
  2957 | D:3      | 2957 ||| READING 2 scrolls of identify.
  2957 | D:3      | 2957 ||| IDENTIFYING red potion
  2958 | D:3      | 2958 ||| READING scroll of identify.
  2958 | D:3      | 2958 ||| IDENTIFYING puce potion
  2959 | D:3      | 2959 ||| DRINKING potion of mutation.
  2959 | D:3      | Gained mutation: Your health recovers twice as slowly from
                  | being drained. [potion of mutation]
  2960 | D:3      | 2960 ||| READING scroll labelled OSIMACE ZICIA.
  3037 | D:4      | 3037 ||| FLEEEEING.
  3039 | D:4      | 3039 ||| FLEEEEING.
  3047 | D:4      | HP: 6/40 [white imp (6)]
  3048 | D:4      | 3048 ||| READING scroll of teleportation.
  3049 | D:4      | HP: 1/40 [white imp/puff of frost (6)]
  3216 | D:4      | Reached skill level 5 in Ranged Weapons
  3251 | D:4      | Noticed a phantom
  3257 | D:4      | 3257 ||| RETREEEEATING.
  3258 | D:4      | 3258 ||| RETREEEEATING.
  3259 | D:4      | 3259 ||| RETREEEEATING.
  3260 | D:4      | 3260 ||| RETREEEEATING.
  3261 | D:4      | 3261 ||| RETREEEEATING.
  3262 | D:4      | 3262 ||| RETREEEEATING.
  3263 | D:4      | 3263 ||| RETREEEEATING.
  3264 | D:4      | 3264 ||| RETREEEEATING.
  3270 | D:4      | Killed a phantom
  3271 | D:4      | Reached skill level 3 in Dodging
  3271 | D:4      | Reached XP level 6. HP: 46/46 MP: 0/0
  3571 | D:4      | Reached XP level 7. HP: 51/51 MP: 0/0
  3571 | D:4      | Learned a level 2 spell: Lesser Beckoning
  3574 | D:4      | Found a shimmering altar of Xom.
  3826 | D:4      | Found a glowing golden altar of the Shining One.
  3873 | D:4      | You are sucked into a shaft and drop 1 floor!
  3873 | D:5      | Entered Level 5 of the Dungeon
  3928 | D:5      | Noticed Prince Ribbit
  3929 | D:5      | Noticed Blork the orc
  3940 | D:5      | HP: 9/53 [Blork the orc/+0 halberd (10)]
  3941 | D:5      | HP: 1/53 [Prince Ribbit (8)]
  3942 | D:5      | Slain by Blork the orc

Levels and vault maps discovered:
D:1:      elethiomel_arrival_infinity_welcomes_careful_drivers, layout_basic
D:2:      kb_forest_paths, layout_basic, basic_altar,
          dreamdust_ecumenical_altar_angels_and_demons, grunt_ministairs_15
D:3:      kennysheep_goblin_castle, layout_basic, general_overflow_altar,
          minmay_fractal_squares_5
D:4:      old_forge, layout_basic, mainiacjoe_overflow_24_doors, tso_altar,
          ebering_ghost_rock_garden
D:5:      layout_rooms, st_stairs_13, uniq_blork_the_orc, uniq_pikel,
          uniq_prince_ribbit1

Skill      XL: |  1  2  3  4  5  6  7 |
---------------+----------------------+-----
Ranged Weapons | 4 5 |  5.1
Armour         | 1 2 |  2.1
Fighting       | 3 4 |  4.4
Dodging        | 3 |  3.7
Stealth        | |  0.7

Action                     |  1- 3 |  4- 6 |  7- 9 || total
---------------------------+-------+-------+-------++-------
   Fire: Shortbow          |    87 |   288 |    39 ||   414
    Use: Scroll            |     3 |    12 |       ||    15
         Potion            |     1 |     2 |       ||     3
 Armour: Leather armour    |    23 |       |       ||    23
         Ring mail         |     1 |   186 |    18 ||   205
  Dodge: Dodged            |    27 |   173 |    12 ||   212
  Block: Other             |       |    22 |     2 ||    24

Table legend:
 A = Non-vault XP
 B = Vault XP
 C = Vault XP percentage of total XP
 D = Non-vault monster count
 E = Vault monster count
 F = Vault count percentage of total count
                 A         B        C        D         E       F
            +---------+---------+-------+---------+---------+-------
      Total |     644 |      72 |  10.1 |      86 |      31 |  26.5
            +---------+---------+-------+---------+---------+-------
        D:1 |      37 |       0 |   0.0 |      23 |       0 |   0.0
        D:2 |      42 |      14 |  25.0 |      20 |       8 |  28.6
        D:3 |      50 |      58 |  53.7 |      22 |      23 |  51.1
        D:4 |     472 |       0 |   0.0 |      20 |       0 |   0.0
        D:5 |      43 |       0 |   0.0 |       1 |       0 |   0.0
            +---------+---------+-------+---------+---------+-------
